 Dungeon Crawl Stone Soup version 0.31-a0-152-g6aa68a64a1 (webtiles) character file.

Game seed: 8351685142000561508

12203 qw the Marksminotaur (level 11, 0/99 HPs)
             Began as a Minotaur Hunter on June 9, 2023.
             Was a High Priest of Okawaru.
             Slain by Urug
             ... wielding a +2 eveningstar of protection
              (17 damage)
             ... on level 2 of the Lair of Beasts.
             The game lasted 00:03:52 (8066 turns).

qw the Marksminotaur (Minotaur Hunter)              Turns: 8066, Time: 00:03:53

Health: 0/99       AC:  5    Str: 16    XL:     11   Next: 59%
Magic:  15/15      EV: 25    Int:  6    God:    Okawaru [*****.]
Gold:   722        SH:  0    Dex: 18    Spells: 10/10 levels left

rFire   . . .        p - +1 orcbow (heavy)
rCold   . . .        (shield currently unavailable)
rNeg    . . .        e - +2 robe {Will+}
rPois   +            (helmet restricted)
rElec   .            (no cloak)
rCorr   .            q - +0 pair of gloves
SInv    .            (no boots)
Will    +....        f - amulet of regeneration
Stlth   +++          j - ring of poison resistance
HPRegen 1.16/turn    n - +5 ring of evasion
MPRegen 0.14/turn

%: no passive effects
@: about to teleport, heroic
A: horns 2, retaliatory headbutt
a: Renounce Religion, Heroism, Finesse, Duel


You were on level 2 of the Lair of Beasts.
You worshipped Okawaru.
Okawaru was extremely pleased with you.
You visited 3 branches of the dungeon, and saw 11 of its levels.

You collected 722 gold pieces.


Innate Abilities, Weirdness & Mutations

You have a pair of horns on your head.
You reflexively headbutt those who attack you in melee.


   Skills:
 - Level 10.1(15.1) Fighting
 - Level 15.0(20.0) Ranged Weapons
 - Level 2.3(7.3) Armour
 + Level 7.6(12.6) Dodging
 - Level 0.7(5.7) Stealth
 + Level 7.3 Invocations


You had 10 spell levels left.
You didn't know any spells.
Your spell library was empty.

Inventory:

Hand Weapons
 l - a +0 sling of flaming
 p - a +1 heavy orcbow (weapon)
Armour
 e - a +2 robe of willpower (worn)
 m - a +0 leather armour of fire resistance
 q - a +0 pair of gloves (worn)
Jewellery
 c - the amulet of Uckuk {Reflect -Tele rN++ Dex+2 SH+5}
   (You found it on level 6 of the Dungeon)

   [amulet of reflection]

   It reflects blocked missile attacks.
   Dex:       It affects your dexterity (+2).
   rN:        It greatly protects you from negative energy.
   -Tele:     It prevents most forms of teleportation.
   SH:        It affects your SH (+5).
 f - an amulet of regeneration (around neck)
 j - a ring of poison resistance (left hand)
 n - a +5 ring of evasion (right hand)
 Y - a ring of see invisible
Scrolls
 b - a scroll of identify
 d - a scroll of teleportation
Potions
 a - 2 potions of mutation
 i - a potion of resistance
 k - 4 potions of curing
 o - a potion of cancellation {unknown}
 r - a potion of ambrosia {unknown}
 s - a potion of haste {unknown}

Dungeon Overview and Level Annotations

Branches:
Dungeon (8/15)             Temple (1/1) D:4            Lair (2/5) D:8
  Swamp: Lair:2-3    Shoals: Lair:2-3     Snake: Lair:2-3    Spider: Lair:2-3

Altars:
Ashenzari
Cheibriados
Dithmenos
Elyvilon
Fedhas
Gozag
Kikubaaqudgha
Makhleb
Nemelex Xobeh
Okawaru
Qazlal
Ru
Sif Muna
Trog
Uskayaw
Vehumet
Wu Jian
Xom
Zin

Annotations:
Lair:2 Urug


Message History

You shoot an arrow. The arrow hits the yak!!
You kill the yak!
Okawaru accepts your kill. The yak gores you!
8059 ||| READING 3 scrolls of teleportation.
As you read the scroll of teleportation, it crumbles to dust.
You feel strangely unstable. The yak gores you!
8060 ||| DRINKING potion of heal wounds.
You feel much better. The yak closely misses you. You furiously retaliate!
You headbutt the yak. You shoot an arrow. The arrow closely misses the yak.
The arrow hits the plant!!!
The plant begins to die.
The plant is lightly damaged.
A water moccasin comes into view.
The yak completely misses you. You furiously retaliate!
You headbutt the yak. You shoot an arrow. The arrow barely misses the yak.
The arrow hits the plant!!
The plant is moderately damaged.
The yak gores you!
You shoot an arrow. The arrow hits the yak!!
You kill the yak!
Okawaru accepts your kill.
You can now enter into single combat with a foe.
Okawaru will now gift you equipment as you gain piety.
Your surroundings suddenly seem different.
Urug and a wyvern come into view.
Urug is wielding a +2 eveningstar of protection and quivering silver javelins.
Found an escape hatch in the floor.
The wyvern hisses angrily.
8064 ||| READING 2 scrolls of teleportation.
As you read the scroll of teleportation, it crumbles to dust.
You feel strangely unstable.
The wyvern hisses menacingly.
You shoot an arrow. The arrow hits Urug.
Urug shouts!
Urug is lightly wounded.
Urug hits you with a +2 eveningstar of protection!
You shoot an arrow. The arrow closely misses Urug.
Urug hits you with a +2 eveningstar of protection!
You die...

#.
........>..P###
##.
............#.#
#..
.............##
###
..............
# ............#
............#
.......o..#
......l@.#
P.......##
#.......#
#.#...... #
##.##.. ## ....
##.. ...


You could see Urug and a wyvern.

Vanquished Creatures
  Pikel (D:7)
  A torpor snail (Lair:1)
  3 cane toads (Lair:1)
  5 blink frogs (Lair:1)
  Grinder (D:5)
  2 wyverns
  29 yaks
  3 basilisks (D:8)
  A steam dragon (D:6)
  6 water moccasins
  A sky beast (D:8)
  2 ice beasts (D:6)
  A black bear (D:4)
  4 ogres (D:5)
  A centaur (D:5)
  3 lemures (D:7)
  2 phantoms (D:5)
  A kobold brigand (D:6)
  7 bullfrogs
  5 scorpions
  19 wights
  2 vampire bats (Lair:1)
  A killer bee (D:5)
  3 howler monkeys
  An electric eel (D:5)
  A hound (D:4)
  3 orc priests
  A jelly (D:5)
  2 gnoll boudas
  5 iguanas
  Ijyb (D:4)
  9 orc wizards
  A sleepcap (D:5)
  Robin (D:4)
  10 gnolls
  5 adders
  4 shadow imps
  2 ufetubi (D:5)
  2 worms
  3 dart slugs
  35 orcs
  5 endoplasms
  A giant cockroach (D:3)
  8 hobgoblins
  2 jackals (D:1)
  6 kobolds
  3 quokkas
  4 ball pythons
  13 bats
  9 frilled lizards
  26 goblins
  A rat (D:1)
268 creatures vanquished.

Notes
Turn   | Place    | Note
-------+----------+-------------------------------------------
     0 | D:1      | qw the Minotaur Hunter began the quest for the Orb.
     0 | D:1      | Reached XP level 1. HP: 18/18 MP: 0/0
     0 | D:1      | 0 ||| qw: Version: 0.2-a-122-gbc61b45
     0 | D:1      | 0 ||| qw: Game counter: 3477
     0 | D:1      | 0 ||| qw: Always use a shield: true
     0 | D:1      | 0 ||| qw: God list: Okawaru
     0 | D:1      | 0 ||| qw: Allow faded altars: false
     0 | D:1      | 0 ||| qw: Do Orc after D:15 true
     0 | D:1      | 0 ||| qw: Do second Lair branch before Depths: true
     0 | D:1      | 0 ||| qw: Lair rune preference: random
     0 | D:1      | 0 ||| qw: Plans: Normal
     0 | D:1      | 0 ||| PLANNING D:1-11
   107 | D:1      | Reached XP level 2. HP: 21/25 MP: 1/1
   153 | D:1      | Reached skill level 5 in Ranged Weapons
   402 | D:1      | Reached skill level 3 in Fighting
   580 | D:1      | 580 ||| DROPPING scarf of harm.
   581 | D:1      | 581 ||| UPGRADING to +0 ring mail.
   591 | D:1      | 591 ||| DROPPING +0 leather armour.
   592 | D:1      | 592 ||| READING scroll labelled QAIMPA GAUCVA.
   593 | D:1      | 593 ||| READING scroll labelled MEETUA KULUONT.
   594 | D:1      | 594 ||| READING scroll labelled DIS FUGUMIAF.
   595 | D:1      | 595 ||| READING scroll labelled GIELA JOUKHICK.
   596 | D:1      | 596 ||| DRINKING 2 sapphire potions.
   597 | D:1      | 597 ||| DROPPING scroll of butterflies.
   598 | D:1      | 598 ||| DROPPING potion of invisibility.
   791 | D:2      | Reached skill level 1 in Armour
   791 | D:2      | Reached XP level 3. HP: 17/31 MP: 2/2
  1396 | D:2      | Found a faded altar of an unknown god.
  1556 | D:2      | 1556 ||| UPGRADING to amulet of regeneration.
  1561 | D:2      | 1561 ||| READING 2 scrolls labelled YTSEFUMACA.
  1562 | D:2      | 1562 ||| DRINKING 2 metallic grey potions.
  1562 | D:2      | Gained mutation: You are dopey. (Int -2) [potion of
                  | mutation]
  1562 | D:2      | Lost mutation: You are dopey. (Int -2) [potion of mutation]
  1730 | D:3      | Reached XP level 4. HP: 38/38 MP: 3/3
  1821 | D:3      | Found a bloodstained altar of Trog.
  1875 | D:3      | Found a shimmering blue altar of Sif Muna.
  1935 | D:3      | Reached skill level 6 in Ranged Weapons
  2463 | D:3      | Found a shimmering altar of Xom.
  2707 | D:3      | 2707 ||| READING 2 scrolls labelled BIUXOEKIUD.
  2708 | D:3      | 2708 ||| DROPPING scroll of vulnerability.
  2801 | D:4      | Reached XP level 5. HP: 46/46 MP: 4/4
  2817 | D:4      | Noticed Ijyb
  2826 | D:4      | Killed Ijyb
  2912 | D:4      | Found a staircase to the Ecumenical Temple.
  2913 | D:4      | 2913 ||| PLANNING TEMPLE
  2924 | Temple   | Entered the Ecumenical Temple
  2925 | Temple   | 2925 ||| PLANNING OKAWARU WORSHIP
  2946 | Temple   | Became a worshipper of Warmaster Okawaru
  2946 | Temple   | 2946 ||| PLANNING D:1-11
  2971 | D:4      | Reached skill level 7 in Ranged Weapons
  3006 | D:4      | Reached XP level 6. HP: 52/52 MP: 5/5
  3070 | D:4      | Noticed Robin
  3089 | D:4      | Killed Robin
  3103 | D:4      | Reached skill level 8 in Ranged Weapons
  3266 | D:4      | 3266 ||| READING 3 scrolls of enchant weapon.
  3266 | D:4      | 3266 ||| ENCHANTING +1 shortbow.
  3267 | D:4      | 3267 ||| READING 2 scrolls of enchant weapon.
  3267 | D:4      | 3267 ||| ENCHANTING +2 shortbow.
  3268 | D:4      | 3268 ||| READING scroll of enchant weapon.
  3268 | D:4      | 3268 ||| ENCHANTING +3 shortbow.
  3498 | D:4      | Found a radiant altar of Vehumet.
  3652 | D:4      | 3652 ||| UPGRADING to +0 leather armour of fire resistance.
  3662 | D:4      | 3662 ||| UPGRADING to ring of see invisible.
  3663 | D:4      | 3663 ||| READING scroll labelled HUIBYKL WUIGH.
  3664 | D:4      | 3664 ||| READING scroll labelled INYIXO WICEWK.
  3665 | D:4      | 3665 ||| DRINKING 3 murky coppery potions.
  3688 | D:4      | 3688 ||| DRINKING 2 silvery potions.
  3689 | D:4      | 3689 ||| DROPPING 2 potions of lignification.
  3704 | D:5      | Entered Level 5 of the Dungeon
  3733 | D:5      | Reached skill level 3 in Dodging
  3779 | D:5      | Reached * piety under Okawaru
  3780 | D:5      | Reached XP level 7. HP: 60/60 MP: 6/6
  3793 | D:5      | 3793 ||| SWAPPING to +0 orcbow.
  3794 | D:5      | 3794 ||| DROPPING +4 shortbow.
  3861 | D:5      | 3861 ||| INVOKING Heroism.
  3900 | D:5      | 3900 ||| FLEEEEING.
  3905 | D:5      | 3905 ||| FLEEEEING.
  3922 | D:5      | Found a burning altar of Makhleb.
  3983 | D:5      | 3983 ||| INVOKING Heroism.
  3990 | D:5      | Reached skill level 1 in Invocations
  4181 | D:5      | 4181 ||| INVOKING Heroism.
  4183 | D:5      | Noticed Grinder
  4195 | D:5      | Killed Grinder
  4196 | D:5      | Reached skill level 3 in Invocations
  4196 | D:5      | Reached XP level 8. HP: 69/69 MP: 6/9
  4286 | D:5      | Found a stormy altar of Qazlal.
  4294 | D:5      | Reached skill level 9 in Ranged Weapons
  4355 | D:5      | 4355 ||| UPGRADING to +0 pair of gloves.
  4360 | D:5      | 4360 ||| READING scroll labelled LALOBLEUSS.
  4361 | D:5      | 4361 ||| READING 2 scrolls of identify.
  4361 | D:5      | 4361 ||| IDENTIFYING inky potion
  4449 | D:5      | Found an ancient bone altar of Kikubaaqudgha.
  4509 | D:5      | 4509 ||| INVOKING Heroism.
  4676 | D:5      | Found a blossoming altar of Fedhas.
  4680 | D:5      | Reached skill level 6 in Fighting
  4733 | D:5      | 4733 ||| READING 2 scrolls of identify.
  4733 | D:5      | 4733 ||| IDENTIFYING bubbling yellow potion
  4770 | D:5      | 4770 ||| INVOKING Heroism.
  4789 | D:5      | 4789 ||| DROPPING potion of enlightenment.
  4824 | D:5      | 4824 ||| INVOKING Heroism.
  4825 | D:5      | 4825 ||| Stepping ~*~*~tactically~*~*~ (outnumbered).
  4834 | D:5      | Reached skill level 10 in Ranged Weapons
  4888 | D:5      | 4888 ||| INVOKING Heroism.
  4890 | D:5      | HP: 14/70 [electric eel/bolt of electricity (15)]
  4891 | D:5      | 4891 ||| DRINKING potion of heal wounds.
  5095 | D:6      | Identified the amulet of Uckuk {Reflect -Tele rN++ Dex+2
                  | SH+5}
  5120 | D:6      | Found a broken altar of Ashenzari.
  5173 | D:6      | 5173 ||| INVOKING Heroism.
  5186 | D:6      | Reached XP level 9. HP: 55/79 MP: 9/11
  5238 | D:6      | 5238 ||| INVOKING Heroism.
  5273 | D:6      | Found a snail-covered altar of Cheibriados.
  5274 | D:6      | 5274 ||| READING 2 scrolls labelled TETZAV SYMYTAU.
  5405 | D:6      | 5405 ||| INVOKING Heroism.
  5463 | D:6      | Reached skill level 11 in Ranged Weapons
  5624 | D:6      | 5624 ||| UPGRADING to +5 ring of evasion.
  5625 | D:6      | 5625 ||| DROPPING +6 ring of intelligence.
  5626 | D:6      | 5626 ||| READING scroll labelled XES ARICH.
  5627 | D:6      | 5627 ||| DRINKING 2 black potions.
  5628 | D:6      | 5628 ||| READING 2 scrolls of identify.
  5628 | D:6      | 5628 ||| IDENTIFYING emerald potion
  5629 | D:6      | 5629 ||| DROPPING potion of degeneration.
  5675 | D:7      | 5675 ||| INVOKING Heroism.
  5679 | D:7      | 5679 ||| DRINKING potion of curing.
  5679 | D:7      | 5679 ||| (to cure confusion)
  5709 | D:7      | Found a white marble altar of Elyvilon.
  5779 | D:7      | Reached skill level 12 in Ranged Weapons
  5779 | D:7      | Reached ** piety under Okawaru
  5784 | D:7      | 5784 ||| FLEEEEING.
  5917 | D:7      | Noticed Pikel
  5918 | D:7      | 5918 ||| INVOKING Heroism.
  5933 | D:7      | Killed Pikel
  5934 | D:7      | Reached XP level 10. HP: 84/88 MP: 12/12
  6163 | D:7      | 6163 ||| UPGRADING to +2 robe of willpower.
  6173 | D:7      | 6173 ||| DROPPING +0 ring mail.
  6174 | D:7      | 6174 ||| DRINKING 2 lumpy ruby potions.
  6175 | D:7      | 6175 ||| DROPPING potion of brilliance.
  6242 | D:8      | Found a shadowy altar of Dithmenos.
  6247 | D:8      | Reached *** piety under Okawaru
  6250 | D:8      | Reached skill level 6 in Dodging
  6252 | D:8      | 6252 ||| INVOKING Heroism.
  6254 | D:8      | Reached skill level 13 in Ranged Weapons
  6331 | D:8      | 6331 ||| Stepping ~*~*~tactically~*~*~ (outnumbered).
  6349 | D:8      | 6349 ||| INVOKING Heroism.
  6356 | D:8      | Reached skill level 9 in Fighting
  6376 | D:8      | 6376 ||| INVOKING Heroism.
  6390 | D:8      | Reached skill level 14 in Ranged Weapons
  6391 | D:8      | 6391 ||| INVOKING Heroism.
  6424 | D:8      | Found a staircase to the Lair.
  6572 | D:8      | 6572 ||| READING scroll of enchant weapon.
  6572 | D:8      | 6572 ||| ENCHANTING +0 heavy orcbow.
  6620 | D:8      | 6620 ||| INVOKING Heroism.
  6621 | D:8      | 6621 ||| Stepping ~*~*~tactically~*~*~ (outnumbered).
  6677 | D:8      | Found a hide-covered altar of Uskayaw.
  6839 | D:8      | Found a flagged portal.
  6960 | D:8      | 6960 ||| PLANNING LAIR
  6960 | D:8      | 6960 ||| READING 2 scrolls of identify.
  6960 | D:8      | 6960 ||| IDENTIFYING orange potion
  6961 | D:8      | 6961 ||| DROPPING potion of attraction.
  6996 | Lair:1   | Entered Level 1 of the Lair of Beasts
  7039 | Lair:1   | Noticed a torpor snail
  7040 | Lair:1   | 7040 ||| INVOKING Heroism.
  7040 | Lair:1   | Noticed a cane toad
  7042 | Lair:1   | 7042 ||| Stepping ~*~*~tactically~*~*~ (outnumbered).
  7046 | Lair:1   | Reached **** piety under Okawaru
  7057 | Lair:1   | Killed a torpor snail
  7058 | Lair:1   | 7058 ||| INVOKING Heroism.
  7061 | Lair:1   | Reached XP level 11. HP: 64/99 MP: 10/13
  7185 | Lair:1   | 7185 ||| INVOKING Heroism.
  7258 | Lair:1   | Found a radiant altar of Vehumet.
  7298 | Lair:1   | 7298 ||| INVOKING Heroism.
  7318 | Lair:1   | 7318 ||| INVOKING Heroism.
  7329 | Lair:1   | Reached skill level 6 in Invocations
  7336 | Lair:1   | HP: 17/99 [yak (16)]
  7337 | Lair:1   | 7337 ||| READING 3 scrolls of teleportation.
  7338 | Lair:1   | 7338 ||| DRINKING 2 potions of heal wounds.
  7342 | Lair:1   | Reached ***** piety under Okawaru
  7349 | Lair:1   | 7349 ||| INVOKING Heroism.
  7517 | Lair:1   | 7517 ||| INVOKING Heroism.
  7522 | Lair:1   | Reached skill level 15 in Ranged Weapons
  7960 | Lair:1   | 7960 ||| DROPPING amulet of guardian spirit.
  7961 | Lair:1   | 7961 ||| UPGRADING to ring of poison resistance.
  8051 | Lair:2   | 8051 ||| INVOKING Heroism.
  8058 | Lair:2   | HP: 15/99 [yak (14)]
  8059 | Lair:2   | 8059 ||| READING 3 scrolls of teleportation.
  8059 | Lair:2   | HP: 5/99 [yak (11)]
  8060 | Lair:2   | 8060 ||| DRINKING potion of heal wounds.
  8063 | Lair:2   | Noticed Urug
  8064 | Lair:2   | 8064 ||| READING 2 scrolls of teleportation.
  8065 | Lair:2   | HP: 16/99 [Urug/+2 eveningstar of protection (8)]
  8066 | Lair:2   | Slain by Urug

Levels and vault maps discovered:
D:1:      lemuel_arrival_tunnels, layout_basic
D:2:      cheibrodos_greedy_goblins, layout_loops_corners,
          shapermc_ecumenical_altar_rom_forum
D:3:      minmay_diamond_boxcup, layout_basic, mainiacjoe_overflow_paths,
          mainiacjoe_overflow_24_doors, mainiacjoe_overflow_alcove_2,
          amcnicky_mini_corridor_feature
D:4:      layout_loops_ring, marbit_many_paths,
          minmay_temple_entry_glassed_door, minmay_misc_feat_five, uniq_robin,
          uniq_ijyb
D:5:      cheibrodos_two_vegetables, layout_basic, kiku_gazebo_pond_becter,
          lightli_temple_of_fire, lemuel_tele_altar, fedhas_altar_4,
          serial_glass, glass_columns_c, glass_columns_a, minmay_fountain_box,
          uniq_grinder
D:6:      layout_rooms, slow_altar_1, cheibrodos_ashenzari_chains,
          item_on_display_a
D:7:      layout_rooms, general_overflow_altar, uniq_pikel
D:8:      layout_loops_ring, mainiacjoe_overflow_boulevard,
          nicolae_overflow_crystal_walls, minmay_lair_entry_grove,
          enter_bailey_2, moated_statue
Temple:   hellmonk_temple_two_chambers
Lair:1:   layout_chaotic_city, serial_forest, infiniplex_forest_diagonal,
          infiniplex_forest_zigzag_1, infiniplex_forest_end_3,
          infiniplex_forest_end_2, infiniplex_forest_straight_2,
          infiniplex_forest_pool, infiniplex_forest_straight_2,
          infiniplex_forest_corner_1, roderic_batcave, lemuel_altar_in_water2
Lair:2:   layout_cave_pods, minmay_shoals_entry_lonely_mermaid, uniq_gastronok,
          uniq_urug

Skill      XL: |  1  2  3  4  5  6  7  8  9 10 11 |
---------------+----------------------------------+-----
Ranged Weapons | 5 6 7 8 10 12 14 15 | 15.0
Fighting       | 3 4 5 7 8 10 | 10.1
Armour         | 1 2 |  2.3
Dodging        | 3 4 5 7 |  7.6
Invocations    | 3 4 7 |  7.3
Stealth        | |  0.7

Action                     |  1- 3 |  4- 6 |  7- 9 | 10-12 || total
---------------------------+-------+-------+-------+-------++-------
   Fire: Shortbow          |   124 |   176 |       |       ||   300
         Orcbow            |       |       |   294 |   254 ||   548
 Invoke: Heroism           |       |       |    12 |    13 ||    25
    Use: Scroll            |     5 |     6 |     6 |     5 ||    22
         Potion            |     2 |     2 |     3 |     3 ||    10
 Armour: Leather armour    |     8 |     1 |    30 |       ||    39
         Ring mail         |    10 |    46 |       |       ||    56
         Robe              |       |       |       |     7 ||     7
  Dodge: Dodged            |    42 |    94 |   106 |   162 ||   404

Table legend:
 A = Non-vault XP
 B = Vault XP
 C = Vault XP percentage of total XP
 D = Non-vault monster count
 E = Vault monster count
 F = Vault count percentage of total count
                 A         B        C        D         E       F
            +---------+---------+-------+---------+---------+-------
      Total |   13740 |    3694 |  21.2 |     207 |      58 |  21.9
            +---------+---------+-------+---------+---------+-------
        D:1 |      29 |       0 |   0.0 |      19 |       0 |   0.0
        D:2 |      49 |      17 |  25.8 |      15 |       9 |  37.5
        D:3 |      46 |      13 |  22.0 |      12 |       8 |  40.0
        D:4 |     353 |      78 |  18.1 |      15 |      14 |  48.3
        D:5 |    1054 |     607 |  36.5 |      26 |       5 |  16.1
        D:6 |    1107 |       5 |   0.4 |      20 |       1 |   4.8
        D:7 |    1658 |     593 |  26.3 |      31 |       1 |   3.1
        D:8 |    1414 |    2261 |  61.5 |      32 |      13 |  28.9
     Lair:1 |    6788 |     120 |   1.7 |      31 |       7 |  18.4
     Lair:2 |    1242 |       0 |   0.0 |       6 |       0 |   0.0
            +---------+---------+-------+---------+---------+-------
